[Event "*** Titled Tuesday Blitz"]
[Site "Chess.com"]
[Date "2020.11.03"]
[Round "7"]
[White "talman67"]
[Black "Savva09022009"]
[Result "0-1"]
[WhiteElo "2525"]
[BlackElo "2393"]
[TimeControl "180+1"]
[EndTime "11:21:44 PST"]
[Termination "Savva09022009 won by resignation"]

1. e4 c5 2. Nf3 d6 3. d4 cxd4 4. Nxd4 Nf6 5. Nc3 Nc6 6. Bg5 e6 7. Qd2 h6 8. Bh4 Nxe4 9. Bxd8 Nxd2 10. Bb5 Bd7 11. Bh4 Nxd4 12. Bxd7+ Kxd7 13. Kxd2 g5 14. Bg3 Bg7 15. Rad1 Nf5 16. Ne4 Nxg3 17. hxg3 Ke7 18.
c3 d5 19. Nc5 d4 20. cxd4 Bxd4 21. Ne4 f5 22. Ke2 Rad8 23. Nd2 b6 24. b3 Bc5 25. Nc4 Rxd1 26. Rxd1 Rd8 27. Rh1 Rh8 28. Ne5 Rh7 29. b4 Bd6 30. Nc6+ Kf6 31. b5 h5 32. Rd1 Bc5 33. Rd8 f4 34. gxf4 g4 35. Ra8 h4 36. Rxa7 h3 37. gxh3 Rxh3 38. Ne5 Kf5 39. Nd7 Bd4 40. Rb7 Rh2 41. Nxb6 Rxf2+ 42. Kd3 Bxb6 43. Rxb6 g3 44. Rb8 g2 45. Rg8 Rxa2 46.
Kc3 Kxf4 47. b6 Ra6 48. Rxg2 Rxb6 49. Kd3 Kf3 50. Rg8 Rd6+ 51. Kc2 e5 52. Rf8+ Ke3 53. Rf1 e4 54. Rd1 Rxd1 55. Kxd1 Kf2 56. Kc2 e3 0-1

[Event "*** Titled Tuesday Blitz"]
[Site "Chess.com"]
[Date "2020.11.03"]
[Round "7"]
[White "Margarita2907"]
[Black "esskeettit"]
[Result "0-1"]
[WhiteElo "2236"]
[BlackElo "2461"]
[TimeControl "180+1"]
[EndTime "11:21:45 PST"]
[Termination "esskeettit won on time"]

1. e4 c5 2. Nf3 Nc6 3. d4 cxd4 4.
Nxd4 g6 5. Nc3 Bg7 6. Be3 Nf6 7. Bc4 O-O 8. Bb3 Re8 9. O-O d6 10. h3 Na5 11. Qd2 b6 12. Ba4 Bd7 13. Bxd7 Qxd7 14.
b3 Rac8 15. Nde2 Qb7 16. f3 Red8 17. Rad1 Nc6 18. Nd5 Nxd5 19. exd5 Ne5 20. c4 a6 21. Rc1 b5 22. cxb5 Qxb5 23. Nf4 a5 24. Rxc8 Rxc8 25. Rc1 Rxc1+ 26. Qxc1 h5 27. Qc7 Qb4 28.
Qc1 Bh6 29. Ne2 Bxe3+ 30. Qxe3 Qe1+ 31. Kh2 Kf8 32. Qh6+ Ke8 33. Nd4 Qf2 34. Qf4 g5 35.
Qe4 g4 36. hxg4 hxg4 37. f4 g3+ 38. Kh3 Ng6 39. Nf3 Qf1 40. Kg4 Qh1 41. f5 Ne5+ 42. Nxe5 dxe5 43. Qxe5 Qd1+ 44. Kh4 Qh1+ 45. Kg5 Qxg2 46.
Kg4 Qf2 47. Qxg3 Qd4+ 48. Kh3 Qxd5 49. Kg4 Qd4+ 0-1

[Event "*** Titled Tuesday Blitz"]
[Site "Chess.com"]
[Date "2020.11.03"]
[Round "7"]
[White "Gerodot71"]
[Black "Nara_Kh"]
[Result "0-1"]
[WhiteElo "2482"]
[BlackElo "2361"]
[TimeControl "180+1"]
[EndTime "11:21:48 PST"]
[Termination "Nara_Kh won by resignation"]

1. d4 d5 2. c4 c6 3. Nf3 Nf6 4. Nc3 dxc4 5. a4 Bf5 6. Ne5 Nbd7 7. Nxc4 Qc7 8. Qd2 e5 9. dxe5 Nxe5 10. Qf4 Nfd7 11. Qxf5 Nxc4 12. e4 Nd6 13. Qf4 O-O-O 14. Be3 Kb8 15. Be2 f6 16. O-O Ne5 17. Rfd1 Be7 18. Rac1 g5 19. Qg3 h5 20. Nd5 Nxe4 21.
Nxc7 Nxg3 22. hxg3 Kxc7 23. a5 Bb4 24. a6 b6 25. Bd4 Rd5 26. Bxe5+ Rxe5 27. Bf3 Re6 28. Rc4 c5 29. Rdc1 Kd6 30. Rd1+ Ke7 31. Rc2 g4 32. Bb7 Rd8 33. Rxd8 Kxd8 34. f3 Be1 35. Be4 Bxg3 36. Rd2+ Kc7 37. Rd1 b5 38. Bf5 Rd6 39. Rc1 c4 40. fxg4 hxg4 41. Bxg4 Rxa6 42. b3 Rc6 43.
Bf3 Rc5 44. Kf1 Kb6 45. bxc4 bxc4 46. Ke2 c3 47. Kd3 Be5 48. Rb1+ Rb5 49. Rh1 a5 50.
Rh7 Rb2 51. Kc4 Rb4+ 52. Kd3 Rb2 53. Kc4 c2 54. Rh1 Rb1 0-1

[Event "*** Titled Tuesday Blitz"]
[Site "Chess.com"]
[Date "2020.11.03"]
[Round "7"]
[White "Akhayan"]
[Black "ural58"]
[Result "0-1"]
[WhiteElo "2258"]
[BlackElo "2354"]
[TimeControl "180+1"]
[EndTime "11:21:49 PST"]
[Termination "ural58 won by resignation"]

1. d4 d5 2. Nf3 Nc6 3. g3 Bf5 4.
Bg2 Nb4 5. Na3 e6 6. O-O h6 7. c3 Nc6 8. Nc2 Nf6 9. Ne3 Be4 10. Ne5 Bxg2 11. Nxg2 Bd6 12. Nxc6 bxc6 13. Bf4 O-O 14. Qd3 c5 15. Rad1 c4 16. Qf3 Rb8 17. Rd2 Ne4 18.
Rc2 a5 19. Ne3 f5 20. Qh5 Qf6 21. Bxd6 cxd6 22. f3 Ng5 23. Ng2 e5 24. dxe5 dxe5 25. f4 Ne4 26. fxe5 Qxe5 27. Nf4 Nf6 28. Qf3 Qe4 29. Rd1 Rfd8 30. Rcd2 Qxf3 31. exf3 a4 32. Nxd5 Nxd5 33. Rxd5 Rxd5 34. Rxd5 Rxb2 35. Rxf5 Rxa2 36. Rc5 a3 37. Ra5 Kf7 38. Ra6 Ke7 39. Kf1 Kd7 40. Ke1 Kc7 41. Kd1 Kb7 42. Ra4 Kb6 43. Kc1 Kb5 44. Ra7 Ra1+ 45. Kc2 Rh1 46. Rxa3 Rxh2+ 47. Kd1 Rg2 48. g4 Rf2 49. Ra7 Rxf3 50. Kd2 Rd3+ 51. Kc2 g5 52. Rh7 Rh3 53. Rc7 Rh4 54. Rh7 Kc5 55. Kd2 Kd5 56. Ke2 Ke5 57.
Kf3 Rh3+ 58. Kg2 Rxc3 59. Rxh6 Kf4 60. Rc6 Kxg4 0-1

[Event "*** Titled Tuesday Blitz"]
[Site "Chess.com"]
[Date "2020.11.03"]
[Round "7"]
[White "AniJak"]
[Black "chessmadara"]
[Result "1/2-1/2"]
[WhiteElo "2298"]
[BlackElo "2221"]
[TimeControl "180+1"]
[EndTime "11:21:49 PST"]
[Termination "Game drawn by repetition"]

1. e4 c5 2. Nc3 d6 3. g3 g6 4. Bg2 Bg7 5. d3 Nc6 6. Nh3 e6 7. O-O Nge7 8. f4 O-O 9. g4 f5 10. gxf5 gxf5 11. Ng5 Qe8 12. Be3 Qg6 13. Kh1 h6 14.
Nf3 Nd4 15. Rg1 Nec6 16. e5 dxe5 17. Nxe5 Nxe5 18. fxe5 Qg4 19. Qxg4 fxg4 20. Bxd4 cxd4 21. Nb5 Bxe5 22. Rae1 Bg7 23. Nc7 Rb8 24. Nxe6 Bxe6 25.
Rxe6 Rf2 26. Bd5 Kh7 27. Rxg4 h5 28. Rg2 Rf1+ 29. Rg1 Rxg1+ 30. Kxg1 b6 31. Be4+ Kh8 32. Re7 a5 33. Rb7 Rxb7 34. Bxb7 Kg8 35. Kg2 Kf8 36. h3 Ke7 37. Kf3 Kd6 38. Ke4 Ke6 39. Bd5+ Kd6 40. Bf7 h4 41. Kf5 Be5 42. Kg4 Bg3 43. c3 Kc5 44.
Kf3 Be1 45. cxd4+ Kxd4 46. Ke2 Bg3 47. Bg6 Bf4 48. Kd1 Bg3 49. Kc2 Bf4 50. Kb3 b5 51. Kc2 Bd6 52. Be8 b4 53. Bb5 Bc7 54. Bd7 Bd6 55.
Bf5 Bc7 56. Bh7 Bd6 57. Kb3 Bc7 58. a3 bxa3 59. Kxa3 Bd8 60. Ka4 Bc7 61. Kb5 Bd8 62. Kc6 Be7 63. Kb5 Bb4 64. Ka4 Be1 65. Kb5 Bb4 66. Ka4 Be1 67. Kb5 Bb4 1/2-1/2

[Event "*** Titled Tuesday Blitz"]
[Site "Chess.com"]
[Date "2020.11.03"]
[Round "7"]
[White "Firouzja2003"]
[Black "SGchess01"]
[Result "1-0"]
[WhiteElo "3064"]
[BlackElo "2845"]
[TimeControl "180+1"]
[EndTime "11:21:50 PST"]
[Termination "Firouzja2003 won by resignation"]

1. e3 b6 2. c4 Bb7 3. Nc3 e6 4. Nf3 Nf6 5. b3 g6 6. Bb2 Bg7 7. Be2 O-O 8. O-O d6 9. Qc2 Nbd7 10. Rad1 Qe7 11. d4 c5 12. Rfe1 a6 13. a4 Rac8 14. d5 e5 15. a5 bxa5 16. Ra1 h6 17. Rxa5 Nh7 18. Nd2 f5 19. Bf1 h5 20. Raa1 h4 21. f4 e4 22. Ne2 Bxb2 23. Qxb2 Qg7 24. Qxg7+ Kxg7 25. Reb1 Ra8 26. b4 Rfb8 27. Nb3 cxb4 28. Ra5 Rc8 29. Ned4 Kf6 30. Ra4 Rab8 31. Rxb4 Ba8 32.
Rxb8 Rxb8 33. Ra1 Rb6 34. Kf2 Ke7 35. Ke1 Nhf6 36. Be2 Ne8 37. Kd2 Nc7 38. Kc3 Rb8 39.
Ra5 Rg8 40. Bf1 Rc8 41. Kd2 Rg8 42. Nc2 g5 43. Ncd4 Kf6 44. Ne6 Nxe6 45. dxe6 Kxe6 46.
Nd4+ Ke7 47. Nxf5+ Kf6 48. Nxd6 gxf4 49. exf4 e3+ 50.
Kxe3 Bxg2 51. Be2 Nb8 52. Rh5 h3 53. Rh6+ Ke7 54. Nf5+ Kd7 55. Rh7+ Kc6 56. Nd4+ Kc5 57. Rc7+ Kb4 58. f5 Re8+ 59. Kd2 a5 60. f6 Rf8 61. f7 Na6 62. Re7 Nc5 63. Bh5 a4 64. Re8 Nd7 65.
Ne6 a3 66. Nxf8 a2 67. Nxd7 1-0

[Event "*** Titled Tuesday Blitz"]
[Site "Chess.com"]
[Date "2020.11.03"]
[Round "7"]
[White "FairChess_on_YouTube"]
[Black "Igor_Lysyj"]
[Result "1/2-1/2"]
[WhiteElo "2984"]
[BlackElo "2829"]
[TimeControl "180+1"]
[EndTime "11:21:50 PST"]
[Termination "Game drawn by repetition"]

1. d4 d5 2. Nf3 Nf6 3. Bf4 c5 4. e3 Nc6 5. c3 Qb6 6. Qb3 c4 7.
Qc2 Bf5 8. Qc1 e6 9. Nbd2 h6 10. b3 cxb3 11. axb3 Be7 12. Be2 O-O 13. O-O Rfc8 14.
Qb2 Nh5 15. Be5 Nf6 16. Bg3 a5 17. Rfc1 Qd8 18. Bb5 Na7 19. Bf1 Nc6 20. h3 Bd6 21. Bxd6 Qxd6 22. c4 Nb4 23. Ne5 b6 24. Rc3 Nd7 25.
Nxd7 Qxd7 26. Rac1 Rc7 27. Nf3 Rac8 28. c5 bxc5 29. dxc5 Qe7 30. Nd4 Rxc5 31. Nxf5 exf5 32. Rxc5 Rxc5 33. Rxc5 Qxc5 34. Qe5 Qc2 35. Qe8+ Kh7 36.
Qxf7 Qxb3 37. Qxf5+ Kh8 38. Qf8+ Kh7 39. Qf5+ Kh8 40. Be2 Qc2 41. Qf8+ Kh7 42. Bg4 Qc1+ 43. Kh2 Qc7+ 44. f4 g6 45. Be6 Qg7 46. Qa8 Nc2 47. Qxa5 Nxe3 48. Bxd5 h5 49. Be4 Nf1+ 50. Kg1 Ng3 51.
Qd5 Qa7+ 52. Kh2 Nf1+ 53. Kh1 Ng3+ 54. Kh2 Nf1+ 55. Kh1 Ng3+ 56. Kh2 1/2-1/2

[Event "*** Titled Tuesday Blitz"]
[Site "Chess.com"]
[Date "2020.11.03"]
[Round "7"]
[White "KuzubovYuriy"]
[Black "Duhless"]
[Result "1/2-1/2"]
[WhiteElo "2845"]
[BlackElo "3000"]
[TimeControl "180+1"]
[EndTime "11:21:52 PST"]
[Termination "Game drawn by stalemate"]

1. d4 Nf6 2. Nf3 g6 3. Nbd2 d5 4. e3 Bg7 5. b4 O-O 6. a4 Nc6 7. c3 e5 8. b5 e4 9. bxc6 exf3 10. Nxf3 bxc6 11. Bd3 Ne4 12. O-O Bg4 13. h3 Bf5 14.
Ba3 Re8 15. c4 c5 16. Rc1 cxd4 17. Nxd4 Bxd4 18. exd4 Qg5 19. Bxe4 dxe4 20. Rc3 e3 21. fxe3 Bxh3 22. Qf3 Bf5 23. Qf4 Qxf4 24. Rxf4 h5 25. Rb3 Rab8 26. Rxb8 Rxb8 27. e4 Bd7 28. a5 Rb1+ 29.
Kh2 a6 30. Be7 Rc1 31. c5 f5 32. d5 Rc4 33. c6 Be8 34. Bd8 Rxe4 35. Rxe4 fxe4 36.
Bxc7 Kf7 37. Kg3 g5 38. Kf2 Kf6 39. Ke3 Kf5 40. Bh2 h4 41. Kd4 g4 42. Bg1 Kf4 43. Bh2+ Kf5 44. Ke3 g3 45. Bg1 Ke5 46. c7 Bd7 47. d6 Kxd6 48. Kxe4 Kxc7 49. Kf4 Bc6 50. Kg5 Bxg2 51. Kxh4 Bd5 52. Kxg3 Kc6 53. Kf4 Be4 54.
Kxe4 Kb7 55. Kd5 Ka8 56. Kc6 Kb8 57. Kb6 Ka8 58. Kxa6 Kb8 59. Kb6 Ka8 60. a6 Kb8 61.
a7+ Ka8 62. Ka6 1/2-1/2

[Event "*** Titled Tuesday Blitz"]
[Site "Chess.com"]
[Date "2020.11.03"]
[Round "7"]
[White "BogdanDeac"]
[Black "Sviridov_Valery"]
[Result "1-0"]
[WhiteElo "2870"]
[BlackElo "2719"]
[TimeControl "180+1"]
[EndTime "11:21:52 PST"]
[Termination "BogdanDeac won by checkmate"]

1. e4 Nf6 2. e5 Nd5 3. d4 d6 4. Nf3 dxe5 5. Nxe5 c6 6. c4 Nb4 7. Na3 Bf5 8. Be2 Nd7 9. Nf3 e5 10. O-O e4 11. Ne1 Bd6 12. Qb3 a5 13. Nac2 Nxc2 14.
Nxc2 Qc7 15. g3 O-O 16. Kg2 a4 17. Qc3 Bg6 18. c5 Be7 19. Bf4 Qc8 20. Ne3 Nf6 21.
Rfd1 Nd5 22. Nxd5 cxd5 23. b4 Bf5 24. b5 Bh3+ 25. Kg1 g5 26. Bd2 f5 27. f4 exf3 28.
Bxf3 Bf6 29. Bxd5+ Kh8 30. Qc4 f4 31. Be1 Qg4 32.
Bxb7 Rae8 33. Bf2 Re2 34. Qd3 Rxf2 35. Kxf2 fxg3+ 36. Kg1 gxh2+ 37. Kh1 Rf7 38. Qe4 Qg3 39. Qe8+ Kg7 40. Bd5 Rf8 41. Qe2 Rd8 42. Qxh2 Qg4 43.
Rg1 Qh4 44. Bc6 Rxd4 45. Rad1 Rxd1 46. Rxd1 g4 47. Rd7+ Kh6 48. Qf4+ Bg5 49. Qf8+ Kh5 50. Qf7+ Kh6 51. Qxh7# 1-0

[Event "*** Titled Tuesday Blitz"]
[Site "Chess.com"]
[Date "2020.11.03"]
[Round "7"]
[White "Ajedrez_con_German"]
[Black "DraG0s3L"]
[Result "0-1"]
[WhiteElo "2470"]
[BlackElo "2596"]
[TimeControl "180+1"]
[EndTime "11:21:54 PST"]
[Termination "DraG0s3L won on time"]

1. d4 d5 2. c4 dxc4 3. Nf3 Nf6 4. e3 a6 5. Bxc4 b5 6. Bd3 Bb7 7. O-O e6 8. b3 Be7 9. Bb2 O-O 10. Nc3 Nbd7 11. Rc1 c5 12. Qe2 Qb6 13. dxc5 Nxc5 14. Bb1 Rac8 15. Rfd1 b4 16. Na4 Nxa4 17. bxa4 Bd5 18. e4 Bb7 19. Ne5 Rfd8 20. Nc4 Qa7 21. Na5 Ba8 22. Rxd8+ Rxd8 23. Nc6 Bxc6 24. Rxc6 Qd7 25.
Rc1 Qxa4 26. h3 a5 27. g3 Qd7 28. Bc2 Qd2 29. Kf1 h5 30. Qxd2 Rxd2 31. Ke1 Rd8 32.
Rd1 Rc8 33. Rc1 h4 34. g4 Nd7 35. Bb3 Rxc1+ 36. Bxc1 Nc5 37. Be3 Nxe4 38. Bb6 Ng5 39.
Bxa5 Nxh3 40. Kf1 Bc5 41. f3 Nf4 42. Bc7 Nd3 43. Kg2 Ne1+ 44. Kh3 Nxf3 45. Bd1 Ng5+ 46.
Kxh4 f6 47. Bb3 Bf2+ 48. Kh5 Kf7 49. Bf4 Ne4 50. g5 fxg5 51. Bxg5 Nxg5 52. Kxg5 Bd4 53. Kg4 Kf6 54. Bc4 Ke5 55. Bd3 Kd5 56. Kf4 e5+ 57.
Kf5 g5 58. Bc2 Be3 59. Be4+ Kd4 60. Bc2 Bd2 0-1

[Event "*** Titled Tuesday Blitz"]
[Site "Chess.com"]
[Date "2020.11.03"]
[Round "7"]
[White "esrosenberg"]
[Black "elisak43"]
[Result "0-1"]
[WhiteElo "2337"]
[BlackElo "2493"]
[TimeControl "180+1"]
[EndTime "11:21:55 PST"]
[Termination "elisak43 won on time"]

1. d4 f5 2. Qd3 d5 3. g4 fxg4 4.
h3 Nf6 5. hxg4 Bxg4 6. Bh3 Qd7 7. Bg5 Bxh3 8. Nxh3 Nc6 9. Nf4 O-O-O 10. c3 e5 11. Ng6 Rg8 12. Nxe5 Qe6 13. Nxc6 Qxc6 14. Qf5+ Qd7 15.
Qxd7+ Rxd7 16. Bxf6 gxf6 17. Nd2 Bd6 18. O-O-O Rdg7 19. e3 Kd7 20. f4 Ke6 21. Nf3 Kf5 22.
Nd2 Re7 23. Rh5+ Ke6 24. Rdh1 Rgg7 25. Kc2 Kd7 26. Rxd5 Rxe3 27. Nc4 Rf3 28. Nxd6 cxd6 29. Rdh5 Rxf4 30. Rxh7 Rxh7 31. Rxh7+ Kc6 32. Kd3 Rf2 33. c4 Rxb2 34. d5+ Kb6 35. a4 Ka5 36. Rd7 Rb6 37.
Rf7 Kxa4 38. Rxf6 Kb4 39. Kd4 a5 40. Rf1 a4 41. Rb1+ Ka5 42. Rc1 Rb4 43. Rh1 a3 44. Rh8 Rb6 45. Rh2 Ka4 46. c5 dxc5+ 47. Kxc5 Rb5+ 48.
Kd6 Rb2 49. Rh4+ Rb4 50. Rh2 b5 51. Kc5 Rc4+ 52. Kb6 b4 53. d6 Rd4 54. Kc5 Rd1 55.
Rh8 Rc1+ 56. Kd5 a2 57. Ra8+ Kb3 58. d7 a1=Q 0-1

[Event "*** Titled Tuesday Blitz"]
[Site "Chess.com"]
[Date "2020.11.03"]
[Round "7"]
[White "serhanberat_ozdemir"]
[Black "Klavdia_Nik"]
[Result "0-1"]
[WhiteElo "2376"]
[BlackElo "2115"]
[TimeControl "180+1"]
[EndTime "11:21:55 PST"]
[Termination "Klavdia_Nik won by resignation"]

1. e4 e6 2. d4 d5 3. Nd2 dxe4 4. Nxe4 Bd7 5. Nf3 Bc6 6. Bd3 Nd7 7. O-O Ngf6 8. Qe2 Be7 9. c3 O-O 10. Re1 Nxe4 11.
Bxe4 Bxe4 12. Qxe4 c6 13. Ne5 Nxe5 14. Qxe5 Qd5 15.
Qxd5 cxd5 16. f4 Bd6 17. Bd2 g6 18. Kf2 b5 19. a4 a6 20. axb5 axb5 21. Kf3 h5 22. h3 Rfb8 23. g4 hxg4+ 24. hxg4 Kf8 25. f5 gxf5 26. gxf5 Ke7 27. fxe6 fxe6 28. Rh1 Rxa1 29. Rxa1 b4 30. Ra7+ Kf6 31. Ke2 bxc3 32. bxc3 Rh8 33. Rd7 Rh2+ 34. Kd3 Rh3+ 35. Kc2 Bh2 36. Rd8 Bc7 37.
Rc8 Bd6 38. Rc6 Ke7 39. c4 dxc4 40. Rxc4 Kd7 41. Ra4 Kc6 42. Bc3 Kd5 43. Ra5+ Ke4 44. Ra6 Kd5 45. Ra5+ Kc4 46. Ra4+ Kb5 47. Ra5+ Kc4 48.
Ra4+ Kb5 49. Kb3 Rxc3+ 50. Kxc3 Kxa4 51. Kc4 Ka5 52. d5 e5 53. Kd3 Kb6 54. Ke4 Kc5 55. Kf5 Kxd5 0-1

[Event "*** Titled Tuesday Blitz"]
[Site "Chess.com"]
[Date "2020.11.03"]
[Round "7"]
[White "MarcoRiehle"]
[Black "Lady_Nika"]
[Result "1-0"]
[WhiteElo "2694"]
[BlackElo "2447"]
[TimeControl "180+1"]
[EndTime "11:21:56 PST"]
[Termination "MarcoRiehle won by checkmate"]

1. e4 e6 2. c4 c5 3. Nf3 Nc6 4. d4 cxd4 5. Nxd4 Nf6 6. Nc3 Bb4 7. Nxc6 bxc6 8. Bd3 Qa5 9. Bd2 O-O 10. O-O d5 11.
cxd5 exd5 12. e5 Nd7 13. Re1 Nc5 14. Bc2 d4 15. Ne4 Bxd2 16. Nxd2 Ba6 17. Nb3 Nxb3 18. Bxb3 c5 19. Rc1 Rad8 20. e6 fxe6 21. Rxe6 Kh8 22. h3 c4 23. Bxc4 Bxc4 24. Rxc4 Qf5 25. Re2 d3 26. Rd2 Rd6 27. Rc3 Kg8 28. Qb3+ Kh8 29. Rcxd3 Re6 30. Re3 Rg6 31. Rf3 Qc8 32. Rxf8+ Qxf8 33. Qf3 Rf6 34. Qe3 h6 35. Rd7 Qb4 36. Rd8+ Kh7 37.
Qd3+ Rg6 38. g3 Qe1+ 39. Kg2 Qe7 40. Rd4 Qb7+ 41. Kh2 Qxb2 42. Qf5 Qb6 43. Rg4 Qf6 44. Qxg6+ Qxg6 45. Rxg6 Kxg6 46. g4 Kf6 47. Kg3 Ke5 48. f3 Kd4 49. f4 a5 50. f5 a4 51. Kf4 a3 52. h4 Kc3 53. g5 hxg5+ 54. hxg5 Kb2 55. f6 gxf6 56. g6 Kxa2 57. g7 Kb1 58. g8=Q a2 59. Qb3+ Ka1 60. Qc2 f5 61. Qc1# 1-0

[Event "*** Titled Tuesday Blitz"]
[Site "Chess.com"]
[Date "2020.11.03"]
[Round "7"]
[White "GregShahade"]
[Black "Chessdreamer2020"]
[Result "0-1"]
[WhiteElo "2637"]
[BlackElo "2514"]
[TimeControl "180+1"]
[EndTime "11:21:57 PST"]
[Termination "Chessdreamer2020 won by resignation"]

1. e4 d6 2. d4 Nf6 3. Nc3 e5 4. Nge2 c6 5. a4 Be7 6. g3 O-O 7. Bg2 Re8 8. O-O Bf8 9. h3 Nbd7 10. Be3 exd4 11. Bxd4 Nc5 12. Bxc5 dxc5 13. Qxd8 Rxd8 14. e5 Nd5 15. Ne4 Nb4 16. c3 Nd3 17. Rad1 Be6 18. f4 Nxb2 19. Rb1 Nxa4 20. Rxb7 Rdb8 21. Rfb1 Nb6 22. Rc7 Rc8 23. Rb7 Bc4 24. Kf2 Ba6 25. R1xb6 axb6 26. Rxb6 Bb5 27. c4 Bxc4 28. N2c3 Rab8 29.
Rxb8 Rxb8 30. Nd2 Rb2 31. Ke3 Rc2 32. Nce4 Bb5 33. f5 c4 34. Bf3 c3 35. Nb3 Rb2 36.
Nc1 Ba3 37. Nxc3 Rc2 38. N1e2 Bc5+ 39. Kf4 Bxe2 40. Nxe2 Bb6 41. Ke4 Kf8 42. Nf4 Ke7 43. Kd3 Ra2 44. Bxc6 Ra3+ 45. Ke4 Rxg3 46. Nd5+ Kd8 47.
Nxb6 Kc7 48. Bd5 Kxb6 49. Bxf7 Kc7 50. e6 Kd6 51. h4 Rg4+ 52. Kf3 Rxh4 53. Bg8 h6 54.
Bf7 Rb4 55. Bg6 Ke7 56. Kg3 Kf6 57. Kf3 Ra4 58. Kg3 Ra3+ 59. Kg4 Ra4+ 60. Kg3 Ra1 61. Kg4 Rg1+ 62. Kh3 Rxg6 63. fxg6 Kxg6 64. Kg4 Kf6 65.
Kh5 Kxe6 66. Kg6 Ke5 67. Kxg7 h5 0-1

[Event "*** Titled Tuesday Blitz"]
[Site "Chess.com"]
[Date "2020.11.03"]
[Round "7"]
[White "ShahMatKanal"]
[Black "davigator"]
[Result "0-1"]
[WhiteElo "2483"]
[BlackElo "2380"]
[TimeControl "180+1"]
[EndTime "11:21:58 PST"]
[Termination "davigator won on time"]

1. e4 c5 2. f4 g6 3. Nf3 Bg7 4.
g3 Nc6 5. Bg2 d6 6. O-O e6 7. d3 Nge7 8. c3 O-O 9. Be3 Rb8 10.
Nbd2 Bd7 11. Qe2 Qc7 12. h4 f5 13. h5 Rbe8 14. hxg6 Nxg6 15. Ng5 h6 16. Qh5 Rf6 17. Ndf3 Nf8 18. Nh3 Re7 19. Nh4 Be8 20. Qe2 b6 21. Rae1 Rff7 22. g4 Bd7 23. exf5 exf5 24. Bd5 Be6 25.
Bxe6 Rxe6 26. Nxf5 Rxf5 27. gxf5 Rf6 28. Qg4 Ne7 29.
Kh2 Nxf5 30. Rg1 Qf7 31. Bd2 Ne6 32. Rg2 Nf8 33. Reg1 Rg6 34. Qe2 Rxg2+ 35. Qxg2 Ne6 36. Qa8+ Kh7 37. Qe4 Kg8 38. Qf3 Kh7 39. Nf2 Bf8 40. Qh3 d5 41. Ng4 Bd6 42. Ne5 Bxe5 43. fxe5 Neg7 44.
d4 cxd4 45. cxd4 Nxd4 46. Qxh6+ Kg8 47. Rg2 Nf3+ 48. Kh1 Nxe5 49. Bc3 Qf1+ 50. Kh2 Nf3+ 51. Kg3 d4 52. Qf4 dxc3 53. Qxf3 Qe1+ 54. Rf2 cxb2 55. Qf8+ Kh7 56. Kg4 Qe4+ 57. Kg3 Qe3+ 58. Rf3 Qg1+ 59. Kh4 b1=Q 60. Rh3 Qb4+ 0-1

[Event "*** Titled Tuesday Blitz"]
[Site "Chess.com"]
[Date "2020.11.03"]
[Round "7"]
[White "PotapovaM"]
[Black "GM_LOADING"]
[Result "1-0"]
[WhiteElo "2604"]
[BlackElo "2473"]
[TimeControl "180+1"]
[EndTime "11:22:01 PST"]
[Termination "PotapovaM won by resignation"]

1. d4 Nf6 2. c4 e6 3. Nc3 Bb4 4. Qc2 Nc6 5. Nf3 d6 6. a3 Bxc3+ 7. bxc3 O-O 8. e4 e5 9. Bd3 Bg4 10. Be3 Re8 11. Nd2 Nh5 12. O-O Qf6 13. d5 Ne7 14. f3 Bd7 15. g3 b6 16. Rf2 Qg6 17. Raf1 Rf8 18. f4 Bh3 19. f5 Qf6 20. Re1 g5 21. Be2 Ng7 22. Qd1 Kh8 23. Kh1 Ng8 24. Nf3 h6 25.
Ng1 g4 26. Bxg4 Bxg4 27. Qxg4 Kh7 28. Nf3 Ne8 29. Qh3 Qg7 30. Rg2 Nef6 31. Bd2 Qg4 32. Qxg4 Nxg4 33. h3 N4f6 34. g4 Ne7 35. g5 Nh5 36. Reg1 Rg8 37. h4 Rae8 38. Rg4 Rb8 39.
Kg2 b5 40. c5 Nf6 41. Kf2 Nxg4+ 42. Rxg4 dxc5 43. Nxe5 f6 44. Nf3 b4 45. cxb4 cxb4 46. Bxb4 a5 47. Bxe7 Rb2+ 48. Ke3 Re8 49. Bxf6 Reb8 50.
g6+ Kg8 51. Kf4 R2b3 52. Ne5 Rxa3 53. Be7 Ra1 54. f6 Rf1+ 55. Ke3 Rb3+ 56. Kd4 Rd1+ 57.
Kc4 Rb4+ 58. Bxb4 axb4 1-0

[Event "*** Titled Tuesday Blitz"]
[Site "Chess.com"]
[Date "2020.11.03"]
[Round "7"]
[White "anasta10"]
[Black "Nikolaj_6"]
[Result "1/2-1/2"]
[WhiteElo "2400"]
[BlackElo "2541"]
[TimeControl "180+1"]
[EndTime "11:22:01 PST"]
[Termination "Game drawn - insufficient material"]

1. d4 Nf6 2. c4 e6 3. Nc3 c5 4. d5 exd5 5. cxd5 d6 6. Nf3 g6 7. Bf4 Bg7 8. Qa4+ Bd7 9. Qb3 Qc7 10. e4 O-O 11. Bd3 Na6 12. O-O Nb4 13. Bb5 Bxb5 14.
Nxb5 Qd7 15. Nxd6 Nh5 16. Qe3 Nc2 17. Qd2 Nxa1 18. Rxa1 Nxf4 19. Qxf4 Rad8 20. Nc4 b5 21. Nce5 Qd6 22. g3 f5 23. Nc6 Qxf4 24. gxf4 fxe4 25.
Nxd8 Rxd8 26. Ng5 Rxd5 27. Nxe4 c4 28. Rb1 Rd4 29. Nc3 a6 30. b3 b4 31. Ne2 Rd2 32.
Kf1 c3 33. Ke1 Rxa2 34. Rd1 c2 35. Rd8+ Kf7 36. Kd2 Bh6 37. Kc1 a5 38. Rd7+ Kg8 39. Rd8+ Kg7 40. Rd7+ Kf6 41. Rxh7 Bg7 42. Nd4 a4 43.
bxa4 Kf7 44. Nxc2 b3 45. Rxg7+ Kxg7 46. Nd4 b2+ 47. Kb1 Rxa4 48. Ne2 Rb4 49. Nc3 Kh6 50. Nd5 Rd4 51. Ne3 Rd2 52. h3 Kh5 53. Ng4 Kh4 54. Ne5 Kh5 55. Ng4 Re2 56. Ka2 Kh4 57. Ne5 g5 58. Nf3+ Kxh3 59. Nxg5+ Kg4 60. Nf7 Kxf4 61.
Nd6 Kf3 62. Nc4 Kxf2 63. Nxb2 Rxb2+ 64. Kxb2 1/2-1/2

[Event "*** Titled Tuesday Blitz"]
[Site "Chess.com"]
[Date "2020.11.03"]
[Round "7"]
[White "Kavyev_Ruslan"]
[Black "Bastiandash"]
[Result "1-0"]
[WhiteElo "2505"]
[BlackElo "2350"]
[TimeControl "180+1"]
[EndTime "11:22:01 PST"]
[Termination "Kavyev_Ruslan won on time"]

1. d4 Nf6 2. c4 e6 3. Nf3 Bb4+ 4. Nbd2 O-O 5. a3 Be7 6. e4 d6 7. Nb1 Nxe4 8. Bd3 f5 9. O-O Nc6 10. Nbd2 Nxd2 11. Bxd2 e5 12. dxe5 dxe5 13. Bc2 e4 14. Ne1 Be6 15. b3 Bf6 16. Rc1 Qe7 17. c5 Rad8 18. b4 Bg5 19. Bxg5 Qxg5 20. Bb3 Nd4 21.
Bxe6+ Nxe6 22. Qb3 Qxc1 23. Qxe6+ Kh8 24. Nf3 Qh6 25.
Qxh6 gxh6 26. Ne5 Rde8 27. Nc4 Rd8 28. f3 Rfe8 29. fxe4 fxe4 30. Re1 Rd4 31. Ne3 Rd3 32. a4 Rb3 33. b5 Rc3 34. Kf2 Rxc5 35. Rd1 Rce5 36.
Rd7 R5e7 37. Rd5 Kg7 38. Nf5+ Kf6 39. Nxe7 Rxe7 40. Ke3 c6 41. Rd6+ Re6 42. Rd7 cxb5 43. axb5 Rb6 44. Rd5 Ke6 45. Rh5 Kf7 46. Kxe4 Kg6 47.
Rd5 a6 48. bxa6 Rxa6 49. Rb5 b6 50. g4 Kf6 51. h4 Kg6 52. Kf4 Kf6 53. Rb4 Kg6 54.
Ke5 Kf7 55. Kf5 Ra5+ 56. Kf4 b5 57. Kf5 Kg7 58. Ke6 Ra6+ 59. Ke5 Rb6 60. Kd5 Rb8 61. Kc5 Kg6 62. Kd5 Kf6 63. Rf4+ Kg6 64. Rb4 Rb7 65. Kc6 Rb8 66. Kc7 Rf8 67. Kc6 h5 68. g5 Rf5 69. Re4 1-0

[Event "*** Titled Tuesday Blitz"]
[Site "Chess.com"]
[Date "2020.11.03"]
[Round "7"]
[White "AnishOnYoutube"]
[Black "ChessWarrior7197"]
[Result "1/2-1/2"]
[WhiteElo "2979"]
[BlackElo "3014"]
[TimeControl "180+1"]
[EndTime "11:22:02 PST"]
[Termination "Game drawn by agreement"]

1. c4 c6 2. Nf3 d5 3. d4 Nf6 4. Nc3 a6 5. e3 Bf5 6. cxd5 cxd5 7. Ne5 Nc6 8. Bd2 e6 9. Qa4 Qb6 10. Bb5 Rc8 11. Bxc6+ bxc6 12. Qb3 Qxb3 13. axb3 Bd6 14. f4 Ne4 15. Rxa6 f6 16. Nxc6 Kd7 17. Na7 Ra8 18. Nxe4 Bxe4 19. Kf2 Rhb8 20. Rha1 Rxb3 21. Bc3 Bc7 22.
Ke2 g5 23. fxg5 fxg5 24. Nc6 Rxa6 25. Rxa6 Bxg2 26. Ne5+ Bxe5 27. dxe5 Rb7 28. Bd4 Be4 29. Ra7 Rxa7 30. Bxa7 h5 31. Kf2 h4 32. Bc5 g4 33. b4 Bd3 34. Bf8 Ke8 35. Bh6 Kf7 36.
Bg5 Kg6 37. Bxh4 Kf5 38. Bg3 Ke4 39. Bf4 Bb5 40. Kg3 Kf5 41. Bh6 Be2 42. Bf4 Bb5 43. Bh6 Be2 44. Bg7 Bb5 45. Bf6 Be2 46. Kf2 Bb5 47. Ke1 Ke4 48. Kd2 Bc4 49. Bg7 Bb5 50. Bf6 Bc4 51. Bg7 Kf3 52. Bh6 Ke4 53. Bf4 d4 54. Bg5 d3 55. Bf4 Bb5 56. Bg3 Kf3 57. Bf4 Ke4 58. Bg3 Kd5 59. Bf4 Kc4 60. Bg3 Kxb4 61. Bf4 Kc4 62. Bg3 Kd5 63. Bf4 Ke4 64.
Bg3 Kf3 65. Bf4 Kg2 66. Bg3 1/2-1/2